TOP OF THE 1ST |
Seattle Rocketeers batting - Pitching for Echo Park Lakers : LHP Jordan Coffey
|
Pitching: LHP Jordan Coffey
|
|
Batting: RHB Roger Caffyn
|
0-0: Called Strike 0-1: Foul Ball, location: 2F 0-2: Strikes out looking
|
Batting: RHB Claudio Tappen
|
0-0: Ball 1-0: SINGLE (Flyball, 9LS, EV 91.9 MPH)
|
Batting: RHB José Jarca
|
0-0: Ball 1-0: Ball 2-0: Ball 3-0: Called Strike 3-1: Fly out, F8 (Flyball, 8LM, EV 84.4 MPH)
|
Batting: RHB Meester Gobbles-Rooster
|
0-0: Foul Ball, location: 2F 0-1: DOUBLE (Flyball, 89XD, EV 96.9 MPH) Claudio Tappen to third Runner from 3rd tries for Home, SAFE, throw by RF to trailing runner, SAFE at third!
|
Batting: RHB Alain Grosjean
|
0-0: Ball 1-0: Fly out, F9 (Flyball, 9, EV 86.2 MPH)
|
Top of the 1st over - 1 run, 2 hits, 0 errors, 1 left on base; Seattle 1 - Echo Park 0 |
BOTTOM OF THE 1ST |
Echo Park Lakers batting - Pitching for Seattle Rocketeers : RHP Ren-qing Weng
|
Pitching: RHP Ren-qing Weng
|
|
Batting: LHB Wu-shun Chu
|
0-0: Ball 1-0: SINGLE (Groundball, 4S, EV 70.6 MPH) (infield hit)
|
Batting: LHB Rich Watkins
|
0-0: Ball 1-0: Ball 2-0: Foul Ball, location: 2F 2-1: Ball 3-1: Called Strike 3-2: Foul Ball, location: 2F 3-2: Base on Balls Wu-shun Chu to second
|
Batting: RHB Mario Castillo
|
0-0: Ball 1-0: Foul Ball, location: 2F 1-1: DOUBLE (Flyball, 7LM, EV 113.1 MPH) Wu-shun Chu scores Rich Watkins to third
|
Batting: LHB Tomás Muinos
|
0-0: Ball 1-0: Ground out 6-3 (Groundball, 6M, EV 99.4 MPH) Rich Watkins scores Mario Castillo to third
|
Batting: RHB Ryoma Yamamoto
|
0-0: Ground out 6-3 (Groundball, 6M, EV 78.1 MPH) Mario Castillo scores
|
Batting: RHB Komotay Koffie
|
0-0: Ball 1-0: Foul Ball, location: 2F 1-1: Called Strike 1-2: Foul Ball, location: 2F 1-2: Ball 2-2: Ball 3-2: Strikes out swinging
|
Bottom of the 1st over - 3 runs, 2 hits, 0 errors, 0 left on base; Seattle 1 - Echo Park 3 |
TOP OF THE 2ND |
Seattle Rocketeers batting - Pitching for Echo Park Lakers : LHP Jordan Coffey
|
Batting: RHB Andrés López
|
0-0: Swinging Strike 0-1: Ball 1-1: Ball 2-1: Called Strike 2-2: Foul Ball, location: 2F 2-2: Ball 3-2: Strikes out swinging
|
Batting: RHB Bogumil Tiwontschik
|
0-0: Swinging Strike 0-1: Ball 1-1: Ball 2-1: Swinging Strike 2-2: Strikes out swinging
|
Batting: LHB Robby Young
|
0-0: Called Strike 0-1: Ball 1-1: Ball 2-1: Foul Ball, location: 2F 2-2: Strikes out swinging
|
Top of the 2nd over - 0 runs, 0 hits, 0 errors, 0 left on base; Seattle 1 - Echo Park 3 |
BOTTOM OF THE 2ND |
Echo Park Lakers batting - Pitching for Seattle Rocketeers : RHP Ren-qing Weng
|
Batting: RHB Angeddy Almanzar
|
0-0: Ball 1-0: Ball 2-0: Called Strike 2-1: Foul Ball, location: 2F 2-2: Strikes out swinging
|
Batting: RHB Phil Gillespie
|
0-0: Ball 1-0: Ball 2-0: Called Strike 2-1: Ball 3-1: Called Strike 3-2: Strikes out swinging
|
Batting: RHB Carlos Hernández
|
0-0: Ball 1-0: DOUBLE (Line Drive, 7LM, EV 108.1 MPH)
|
Batting: LHB Wu-shun Chu
|
0-0: Foul Ball, location: 2F 0-1: Ball 1-1: Called Strike 1-2: Foul Ball, location: 2F 1-2: Foul Ball, location: 2F 1-2: Foul Ball, location: 2F 1-2: Foul Ball, location: 2F 1-2: TRIPLE (Line Drive, 8RXD, EV 103.8 MPH) Carlos Hernández scores
|
Batting: LHB Rich Watkins
|
0-0: Called Strike 0-1: Fly out, F7 (Flyball, 7, EV 94.4 MPH)
|
Bottom of the 2nd over - 1 run, 2 hits, 0 errors, 1 left on base; Seattle 1 - Echo Park 4 |
TOP OF THE 3RD |
Seattle Rocketeers batting - Pitching for Echo Park Lakers : LHP Jordan Coffey
|
Batting: SHB Lodd Felton
|
0-0: Ball 1-0: SINGLE (Groundball, 56D, EV 99.4 MPH)
|
Batting: RHB Roger Caffyn
|
0-0: Ball 1-0: Foul Ball, location: 2F 1-1: Ball 2-1: Ball Wild Pitch! Lodd Felton to second 3-1: Called Strike 3-2: Foul Ball, location: 2F 3-2: Fly out, F9 (Flyball, 89D, EV 100.6 MPH) Runner from 2nd tags up, SAFE at 3rd, no throw by RF
|
Batting: RHB Claudio Tappen
|
0-0: Ball 1-0: Called Strike 1-1: Swinging Strike 1-2: Fly out, F9 (Flyball, 9, EV 83.8 MPH) Runner from 3rd tags up, SCORES, throw by RF
|
Batting: RHB José Jarca
|
0-0: Ball 1-0: Fly out, F9 (Flyball, 9LSF, EV 74.4 MPH)
|
Top of the 3rd over - 1 run, 1 hit, 0 errors, 0 left on base; Seattle 2 - Echo Park 4 |
BOTTOM OF THE 3RD |
Echo Park Lakers batting - Pitching for Seattle Rocketeers : RHP Ren-qing Weng
|
Batting: RHB Mario Castillo
|
0-0: Ball 1-0: Called Strike 1-1: SINGLE (Groundball, 4, EV 102.5 MPH) (infield hit)
|
Batting: LHB Tomás Muinos
|
0-0: Foul Ball, location: 2F 0-1: Ball 1-1: SINGLE (Groundball, 4, EV 78.1 MPH) (infield hit) Mario Castillo to second
|
Batting: RHB Ryoma Yamamoto
|
0-0: Called Strike 0-1: Ball 1-1: Ball 2-1: Ball 3-1: Called Strike 3-2: Base on Balls Mario Castillo to third Tomás Muinos to second
|
Batting: RHB Komotay Koffie
|
0-0: Swinging Strike 0-1: Foul Ball, location: 2F 0-2: Strikes out looking
|
Batting: RHB Angeddy Almanzar
|
0-0: Ball 1-0: Called Strike 1-1: Ball 2-1: Foul Ball, location: 2F 2-2: Grounds into double play, 2-2-3 (Groundball, 2L, EV 68.8 MPH)
|
Bottom of the 3rd over - 0 runs, 2 hits, 0 errors, 2 left on base; Seattle 2 - Echo Park 4 |
TOP OF THE 4TH |
Seattle Rocketeers batting - Pitching for Echo Park Lakers : LHP Jordan Coffey
|
Batting: RHB Meester Gobbles-Rooster
|
0-0: Ground out 4-3 (Groundball, 34, EV 100.0 MPH)
|
Batting: RHB Alain Grosjean
|
0-0: SINGLE (Groundball, 5D, EV 101.9 MPH)
|
Batting: RHB Andrés López
|
0-0: Called Strike 0-1: Foul Ball, location: 2F 0-2: Ball 1-2: Strikes out swinging
|
Batting: RHB Bogumil Tiwontschik
|
0-0: Ball 1-0: Swinging Strike 1-1: Ball 2-1: Foul Ball, location: 2F 2-2: Strikes out looking
|
Top of the 4th over - 0 runs, 1 hit, 0 errors, 1 left on base; Seattle 2 - Echo Park 4 |
BOTTOM OF THE 4TH |
Echo Park Lakers batting - Pitching for Seattle Rocketeers : RHP Ren-qing Weng
|
Batting: RHB Phil Gillespie
|
0-0: Called Strike 0-1: Ball 1-1: Swinging Strike 1-2: Foul Ball, location: 2F 1-2: Foul Ball, location: 2F 1-2: Strikes out swinging
|
Batting: RHB Carlos Hernández
|
0-0: Ground out 2-3 (Groundball, 13S, EV 67.5 MPH)
|
Batting: LHB Wu-shun Chu
|
0-0: SINGLE (Line Drive, 89M, EV 84.4 MPH)
|
Batting: LHB Rich Watkins
|
0-0: Ball 1-0: Ball 2-0: Fly out, F3 (Popup, 23F, EV 82.5 MPH)
|
Bottom of the 4th over - 0 runs, 1 hit, 0 errors, 1 left on base; Seattle 2 - Echo Park 4 |
TOP OF THE 5TH |
Seattle Rocketeers batting - Pitching for Echo Park Lakers : LHP Jordan Coffey
|
Batting: LHB Robby Young
|
0-0: Ball 1-0: Ground out 1-3 (Groundball, 13, EV 68.1 MPH)
|
Batting: SHB Lodd Felton
|
0-0: Swinging Strike 0-1: Foul Ball, location: 2F 0-2: Ball 1-2: Fly out, F8 (Line Drive, 8RM, EV 90.6 MPH)
|
Batting: RHB Roger Caffyn
|
0-0: Ball 1-0: Ball 2-0: Ball 3-0: Base on Balls
|
Batting: RHB Claudio Tappen
|
0-0: Ground out U3 (Groundball, 3, EV 104.4 MPH)
|
Top of the 5th over - 0 runs, 0 hits, 0 errors, 1 left on base; Seattle 2 - Echo Park 4 |
BOTTOM OF THE 5TH |
Echo Park Lakers batting - Pitching for Seattle Rocketeers : RHP Ren-qing Weng
|
Batting: RHB Mario Castillo
|
0-0: Ball 1-0: Ball 2-0: Fly out, F9 (Flyball, 9, EV 85.6 MPH)
|
Batting: LHB Tomás Muinos
|
0-0: Foul Ball, location: 2F 0-1: Ball 1-1: Foul Ball, location: 2F 1-2: Fly out, F7 (Flyball, 7, EV 88.8 MPH)
|
Batting: RHB Ryoma Yamamoto
|
0-0: Ball 1-0: Ball 2-0: Ground out 5-3 (Groundball, 56S, EV 85.6 MPH)
|
Bottom of the 5th over - 0 runs, 0 hits, 0 errors, 0 left on base; Seattle 2 - Echo Park 4 |
TOP OF THE 6TH |
Seattle Rocketeers batting - Pitching for Echo Park Lakers : LHP Jordan Coffey
|
Batting: RHB José Jarca
|
0-0: Ball 1-0: Ball 2-0: Called Strike 2-1: Foul Ball, location: 2F 2-2: Ball 3-2: Base on Balls
|
Batting: RHB Meester Gobbles-Rooster
|
0-0: Fly out, F8 (Flyball, 8RD, EV 85.0 MPH)
|
Batting: RHB Alain Grosjean
|
0-0: Ball 1-0: Grounds into double play, 6-4-3 (Groundball, 6, EV 87.5 MPH)
|
Top of the 6th over - 0 runs, 0 hits, 0 errors, 0 left on base; Seattle 2 - Echo Park 4 |
BOTTOM OF THE 6TH |
Echo Park Lakers batting - Pitching for Seattle Rocketeers : RHP Ren-qing Weng
|
Batting: RHB Komotay Koffie
|
0-0: Called Strike 0-1: Fly out, F7 (Flyball, 78S, EV 70.6 MPH)
|
Batting: RHB Angeddy Almanzar
|
0-0: Ground out 6-3 (Groundball, 6M, EV 91.2 MPH)
|
Batting: RHB Phil Gillespie
|
0-0: SINGLE (Line Drive, 9LS, EV 104.4 MPH)
|
Batting: RHB Carlos Hernández
|
0-0: Ball 1-0: Ball 2-0: Ball 3-0: Called Strike 3-1: Called Strike 3-2: Strikes out swinging
|
Bottom of the 6th over - 0 runs, 1 hit, 0 errors, 1 left on base; Seattle 2 - Echo Park 4 |
TOP OF THE 7TH |
Seattle Rocketeers batting - Pitching for Echo Park Lakers : LHP Jordan Coffey
|
Batting: RHB Andrés López
|
0-0: Ball 1-0: Called Strike 1-1: Called Strike 1-2: Ground out 6-3 (Groundball, 6, EV 79.4 MPH)
|
Batting: RHB Bogumil Tiwontschik
|
0-0: Swinging Strike 0-1: Ball 1-1: Ball 2-1: Ball 3-1: Ground out 5-3 (Groundball, 5, EV 78.8 MPH)
|
Batting: LHB Robby Young
|
0-0: Called Strike 0-1: Ball 1-1: Swinging Strike 1-2: Ground out 1-3 (Groundball, 15S, EV 73.8 MPH)
|
Top of the 7th over - 0 runs, 0 hits, 0 errors, 0 left on base; Seattle 2 - Echo Park 4 |
BOTTOM OF THE 7TH |
Echo Park Lakers batting - Pitching for Seattle Rocketeers : RHP Ren-qing Weng
|
Batting: LHB Wu-shun Chu
|
0-0: Called Strike 0-1: Ball 1-1: Swinging Strike 1-2: Ball 2-2: Fly out, F8 (Flyball, 78D, EV 101.2 MPH)
|
Batting: LHB Rich Watkins
|
0-0: Ball 1-0: Foul Ball, location: 2F 1-1: Called Strike 1-2: Ball 2-2: Ground out 4-3 (Groundball, 4, EV 86.9 MPH)
|
Batting: RHB Mario Castillo
|
0-0: Ball 1-0: Ball 2-0: Ball 3-0: Base on Balls
|
Pitching: LHP Kenny Luker
|
|
Batting: LHB Tomás Muinos
|
0-0: Foul Ball, location: 2F 0-1: Ball 1-1: Ground out 4-3 (Groundball, 4, EV 81.9 MPH)
|
Bottom of the 7th over - 0 runs, 0 hits, 0 errors, 1 left on base; Seattle 2 - Echo Park 4 |
TOP OF THE 8TH |
Seattle Rocketeers batting - Pitching for Echo Park Lakers : LHP Jordan Coffey
|
Batting: SHB Lodd Felton
|
0-0: Called Strike 0-1: Ball 1-1: Called Strike 1-2: Strikes out swinging
|
Batting: RHB Roger Caffyn
|
0-0: Ball 1-0: Foul Ball, location: 2F 1-1: Ball 2-1: Called Strike 2-2: SOLO HOME RUN (Flyball, 7D, EV 95.0 MPH), Distance : 383 ft
|
Batting: RHB Claudio Tappen
|
0-0: Ball 1-0: SINGLE (Line Drive, 56, EV 94.4 MPH)
|
Pitching: RHP Jeffery Prosser
|
|
Batting: RHB José Jarca
|
0-0: Foul Ball, location: 2F 0-1: Fly out, F8 (Line Drive, 8LM, EV 90.6 MPH)
|
Batting: RHB Meester Gobbles-Rooster
|
0-0: SINGLE (Groundball, 56D, EV 105.0 MPH) Claudio Tappen to second
|
Batting: RHB Alain Grosjean
|
0-0: Called Strike 0-1: Called Strike 0-2: Fielders Choice at 2nd, 6-4 (Groundball, 6, EV 81.9 MPH)
|
Top of the 8th over - 1 run, 3 hits, 0 errors, 2 left on base; Seattle 3 - Echo Park 4 |
BOTTOM OF THE 8TH |
Echo Park Lakers batting - Pitching for Seattle Rocketeers : LHP Kenny Luker
|
Batting: RHB Ryoma Yamamoto
|
0-0: Called Strike 0-1: Ball 1-1: Ball 2-1: Foul Ball, location: 2F 2-2: Foul Ball, location: 2F 2-2: Strikes out swinging
|
Batting: RHB Komotay Koffie
|
0-0: Swinging Strike 0-1: Ball 1-1: Ball 2-1: Called Strike 2-2: Ball 3-2: SINGLE (Groundball, 34D, EV 97.5 MPH)
|
Batting: RHB Angeddy Almanzar
|
0-0: SINGLE (Line Drive, 6D, EV 108.1 MPH) Komotay Koffie to second
|
Batting: RHB Phil Gillespie
|
0-0: Foul Ball, location: 2F 0-1: Called Strike 0-2: Foul Ball, location: 2F 0-2: Strikes out looking
|
Batting: RHB Carlos Hernández
|
0-0: Foul Ball, location: 2F 0-1: Swinging Strike 0-2: Fielders Choice at 2nd, 6-4 (Groundball, 6, EV 85.6 MPH)
|
Bottom of the 8th over - 0 runs, 2 hits, 0 errors, 2 left on base; Seattle 3 - Echo Park 4 |
TOP OF THE 9TH |
Seattle Rocketeers batting - Pitching for Echo Park Lakers : RHP Jeffery Prosser
|
Pitching: RHP Corbin Holling
|
|
Now at 3B: Freddy Torres
|
|
Pinch Hitting: LHB Vicente Gonzáles
|
0-0: Called Strike 0-1: Called Strike 0-2: Ball 1-2: Ball 2-2: Strikes out swinging
|
Batting: RHB Bogumil Tiwontschik
|
0-0: Called Strike 0-1: Foul Ball, location: 2F 0-2: Strikes out swinging
|
Batting: LHB Robby Young
|
0-0: Called Strike 0-1: Swinging Strike 0-2: Ball 1-2: Strikes out swinging
|
Top of the 9th over - 0 runs, 0 hits, 0 errors, 0 left on base; Seattle 3 - Echo Park 4 |
|